[ AOE2 MATCH · #466279258 ]
UnrankedKhitans vs Tatars
[ REPLAY ANALYSIS · EXTRACTED FROM THE RECORDED GAME ]
Feudal
—
Castle
—
Imperial
—
| APM avg | 73.3 |
| APM peak | 15 |
| eAPM avg | 63.5 |
| Villagers / military | 5 / 0 |
Focus
⚔️ 0.0% · 🌾 100.0%
Feudal
—
Castle
—
Imperial
—
| APM avg | 102.6 |
| APM peak | 21 |
| eAPM avg | 29.3 |
| Villagers / military | 2 / 0 |
Focus
⚔️ 0.0% · 🌾 100.0%
Feudal
—
Castle
—
Imperial
—
| APM avg | 44.0 |
| APM peak | 9 |
| eAPM avg | 44.0 |
| Villagers / military | 4 / 0 |
Focus
⚔️ 0.0% · 🌾 100.0%
Feudal
—
Castle
—
Imperial
—
| APM avg | 58.6 |
| APM peak | 12 |
| eAPM avg | 53.8 |
| Villagers / military | 5 / 0 |
Focus
⚔️ 0.0% · 🌾 100.0%
Feudal
—
Castle
—
Imperial
—
| APM avg | 29.3 |
| APM peak | 6 |
| eAPM avg | 29.3 |
| Villagers / military | 0 / 0 |
Feudal
—
Castle
—
Imperial
—
| APM avg | 73.3 |
| APM peak | 15 |
| eAPM avg | 44.0 |
| Villagers / military | 3 / 0 |
Focus
⚔️ 0.0% · 🌾 100.0%
Feudal
—
Castle
—
Imperial
—
| APM avg | 44.0 |
| APM peak | 9 |
| eAPM avg | 44.0 |
| Villagers / military | 0 / 0 |
Feudal
—
Castle
—
Imperial
—
| APM avg | 14.7 |
| APM peak | 3 |
| eAPM avg | 14.7 |
| Villagers / military | 0 / 0 |
Match map
Initial resources + every placement click. Lines = walls · curves = elevation contours. ◆ gold · ⬟ stone · ● berries · ✦ relic · ◌ wall gap
Your base
MZTK | Pancho Pantera's base
The_Reverend's base
malathrock's base
DMenisDenis's base
Songoku's base
Supremo21's base
Simple Jack, u mad?'s base
Smoothed initial terrain · ◌ = detected wall gap · hover for details
Inputs per minute
— Coolman916 - - MZTK | Pancho Pantera
Build order — Coolman916
7 actions detected in the replay
| 0:00 | Create | Villager (Male) |
| 0:01 | Create | Villager (Male) |
| 0:01 | Create | Villager (Male) |
| 0:02 | Create | Villager (Male) |
| 0:02 | Create | Villager (Male) |
| 0:04 | Build | House |
| 0:05 | Build | House |
Build order — MZTK | Pancho Pantera
4 actions detected in the replay
| 0:01 | Create | Villager (Male) |
| 0:01 | Create | Villager (Male) |
| 0:04 | Build | House |
| 0:06 | Build | House |
Build order — The_Reverend
2 actions detected in the replay
| 0:01 | Create | Villager (Male) ×4 |
| 0:04 | Build | House |
Build order — malathrock
7 actions detected in the replay
| 0:02 | Create | Villager (Male) |
| 0:02 | Create | Villager (Male) |
| 0:03 | Build | House |
| 0:07 | Build | House |
| 0:08 | Create | Villager (Male) |
| 0:08 | Create | Villager (Male) |
| 0:08 | Create | Villager (Male) |
Build order — DMenisDenis
0 actions detected in the replay
Build order — Songoku
5 actions detected in the replay
| 0:01 | Create | Villager (Male) |
| 0:02 | Create | Villager (Male) |
| 0:03 | Build | House |
| 0:04 | Build | House |
| 0:07 | Create | Villager (Male) |
Build order — Supremo21
0 actions detected in the replay
Build order — Simple Jack, u mad?
0 actions detected in the replay
Match timeline
| 0:01 | Supremo21 · resign |
[ AI ANALYSIS · 1 CREDIT ]
What really happened in this match?
Wolo.gg analyzes every decision: build order, eco, micro, common mistakes by bracket. Personalized analysis on WhatsApp or Discord in 30 seconds.
Civ guide
Khitans
Perfil
Jugador #44280